 Dungeon Crawl Stone Soup version 0.25.0-1-g7eea58d (webtiles) character file.

Game seed: 2964865101342863721

63 MoustacheMan the Skirmisher (level 3, -4/51 HPs)
             Began as a Minotaur Berserker on June 14, 2020.
             Was a Believer of Trog.
             Slain by a gnoll
             ... wielding a cursed -3 halberd
              (12 damage)
             ... on level 3 of the Dungeon.
             The game lasted 00:05:57 (1262 turns).

MoustacheMan the Skirmisher (Minotaur Berserker)    Turns: 1262, Time: 00:06:00

Health: -4/51      AC:  5    Str: 22    XL:     3   Next: 89%
Magic:  2/2        EV:  6    Int:  4    God:    Trog [**....]
Gold:   99         SH:  0    Dex:  9    Spells: 2/2 levels left

rFire    . . .     SeeInvis .   k - +4 dagger (venom)
rCold    . . .     Gourm    .   (no shield)
rNeg     . . .     Faith    .   e - +0 ring mail
rPois    .         Spirit   .   (helmet restricted)
rElec    .         Reflect  .   (no cloak)
rCorr    .         Harm     .   (no gloves)
MR       .....                  (no boots)
Stlth    ..........             (no amulet)
HPRegen  0.17/turn              (no ring)
MPRegen  0.08/turn              (no ring)

@: berserking, held, very quick
A: retaliatory headbutt, horns 2
a: Berserk, Trog's Hand, Renounce Religion


You were on level 3 of the Dungeon.
You worshipped Trog.
Trog was pleased with you.
You were not hungry.

You visited 1 branch of the dungeon, and saw 3 of its levels.

You collected 99 gold pieces.

Inventory:

Hand Weapons
 a - a +0 hand axe
 f - a +0 hand axe
 k - a +4 dagger of venom (weapon)
Armour
 b - a +0 animal skin
 e - a +0 ring mail (worn)
 g - a +0 robe
 h - a +0 leather armour
 l - a +0 scale mail
Scrolls
 i - a scroll of remove curse {unknown}
 j - a scroll of fear {unknown}
 n - 2 scrolls of immolation {unknown}
 o - a scroll of random uselessness {unknown}
 p - a scroll of enchant armour {unknown}
 q - a scroll of fog {unknown}
Potions
 r - a potion of lignification {unknown}
 s - a potion of flight {unknown}
Comestibles
 c - 3 rations
 d - a chunk of flesh


   Skills:
 + Level 4.5 Fighting
 + Level 4.5 Axes
 + Level 3.3 Armour
 - Level 2.3 Dodging


You had 2 spell levels left.
You didn't know any spells.
Your spell library was empty.

Dungeon Overview and Level Annotations

Branches:
Dungeon (3/15)

Altars:

Portals:
Sewer: D:3


Innate Abilities, Weirdness & Mutations

You reflexively headbutt those who attack you in melee.
You have a pair of horns on your head.


Message History

The gnoll shaman hits you but does no damage.
The gnoll closely misses you.
You struggle against the net.
A rat comes into view.
The gnoll hits you but does no damage.
You struggle against the net.
The gnoll shaman hits you with a +0 club.
The giant cockroach waves its antennae.
The gnoll hits you from afar with a cursed -3 halberd!
The gnoll hits you with a +0 club.
The gnoll hits you from afar with a +0 spear!
* * * LOW HITPOINT WARNING * * *
It was a potion of berserk rage.
A red film seems to cover your vision as you go berserk!
You feel yourself moving faster!
You feel mighty! The gnoll barely misses you.
The gnoll shaman barely misses you. You furiously retaliate!
You headbutt the gnoll shaman!
The giant cockroach waves its antennae.
The gnoll hits you from afar with a cursed -3 halberd!
You die...

...........# .[
............#...
......r.....#.##
.........).....
........(..g.#
..)......gg.#
.......ggg..##.#
#......@g......
#.###.<........
................
######..#.......
≈≈≈sS#.##.......
≈≈∩sS#. #..#...
≈≈≈≈≈#. ..####
######. ..#
....... .#


You could see a gnoll shaman, 5 gnolls, 2 adders, 2 giant cockroaches, a
hobgoblin and a rat.

Vanquished Creatures
  2 adders (D:2)
  A dart slug (D:2)
  A giant cockroach (D:2)
  5 goblins
  4 hobgoblins
  5 jackals (D:1)
  8 kobolds
  11 bats
  2 frilled lizards (D:2)
  2 rats
41 creatures vanquished.

Notes
Turn   | Place    | Note
-------+----------+-------------------------------------------
     0 | D:1      | MoustacheMan the Minotaur Berserker began the quest for the
                  | Orb.
     0 | D:1      | Reached XP level 1. HP: 19/19 MP: 0/0
   130 | D:1      | Reached XP level 2. HP: 27/27 MP: 1/1
   703 | D:2      | Reached XP level 3. HP: 30/33 MP: 2/2
   710 | D:2      | Reached ** piety under Trog
  1257 | D:3      | Found a glowing drain.
  1262 | D:3      | Slain by a gnoll

Illustrated notes

Levels and vault maps discovered:
D:1:      dpeg_arrival_rooms_b, layout_loops_ring
D:2:      layout_rooms, serial_bayou_pond_d
D:3:      layout_rooms, gup_sewer_entry_glass, first_ration

Skill      XL: |  1  2  3 |
---------------+----------+-----
Fighting       | 4 |  4.5
Axes           | 4 |  4.5
Armour         | 3 |  3.3
Dodging        | |  2.3

Action                   || total
-------------------------++-------
Melee: Hand axe          ||    30
       Headbutt          ||     9
       Dagger            ||    43
  Use: Potion            ||     1
  Eat: Chunk             ||     1
Armor: Ring mail         ||    37
       Animal skin       ||     2
Dodge: Dodged            ||    55
